 Dungeon Crawl Stone Soup version 0.18.1-5-g4a78601 (webtiles) character file.

160 Gargoyl the Skirmisher (level 5, -5/64 HPs)
             Began as a Demonspawn Abyssal Knight on May 13, 2016.
             Was a Believer of Lugonu.
             Killed by divine providence
             ... invoked by an orc priest
              (14 damage)
             ... on level 3 of the Dungeon.
             The game lasted 00:04:37 (2892 turns).

Gargoyl the Skirmisher (Demonspawn Abyssal Knight)  Turns: 2892, Time: 00:04:38

Health: -5/64      AC: 22    Str: 11 (13) XL:     5   Next: 17%
Magic:  6/6        EV:  2    Int: 11 (14) God:    Lugonu [**....]
Gold:   93         SH:  0    Dex: 10 (12) Spells: 0 memorised, 4 levels left

rFire  . . .     SeeInvis .     a - +1 hand axe
rCold  . . .     Gourm    +     (armour currently unavailable)
rNeg   + + +     Faith    .     (no shield)
rPois  +         Spirit   .     (helmet currently unavailable)
rElec  .         Dismiss  .     (cloak currently unavailable)
rCorr  .         Reflect  .     (gloves currently unavailable)
SustAt .         Harm     .     (boots currently unavailable)
MR     .....     NoTele   +     e - amulet of the gourmand
Stlth  +.........               (no ring)
                                (no ring)

@: tree-form, not resistant to hostile enchantments, very unstealthy
A: (hooves 0), rugged brown scales 1, powered by pain 1
a: Depart the Abyss, Bend Space, Renounce Religion


You were on level 3 of the Dungeon.
You worshipped Lugonu.
Lugonu was pleased with you.
You were very full.
You were a tree.
You visited 1 branch of the dungeon, and saw 3 of its levels.
You visited the Abyss 1 time.

You collected 93 gold pieces.

Inventory:

Hand Weapons
 a - a +1 hand axe (weapon)
Armour
 b - a +0 leather armour (melded)
Jewellery
 e - an amulet of the gourmand (around neck)
Wands
 q - a wand of lightning (14/15)
Scrolls
 f - 2 scrolls of remove curse {unknown}
 l - a scroll of identify {unknown}
 n - a scroll of immolation {unknown}
 p - a scroll of amnesia {unknown}
 t - a scroll of teleportation {unknown}
Potions
 d - a potion of lignification
 g - 3 potions of degeneration
 h - a potion of curing {unknown}
 i - a potion of cancellation {unknown}
 k - a potion of invisibility {unknown}
 m - a potion of resistance {unknown}
 o - a potion of haste {unknown}
 r - a potion of magic {unknown}
 s - a potion of flight {unknown}
Comestibles
 c - a bread ration
 j - 2 meat rations


   Skills:
 + Level 3.9 Fighting
 + Level 2.9 Axes
 + Level 2.6 Armour
 + Level 2.1 Dodging
 + Level 0.6 Stealth
 + Level 2.6 Invocations


You had 4 spell levels left.
You didn't know any spells.

Dungeon Overview and Level Annotations

Branches:
Dungeon (3/15)

Altars:


Innate Abilities, Weirdness & Mutations

((You have large cloven feet.))
(You are partially covered in rugged brown scales (AC +1, +3% HP).)
You sometimes gain a little power by taking damage.


Message History

You hit the orc but do no damage.
The orc is almost dead.
The orc priest hits you but does no damage.
The orc hits you but does no damage.
Unknown command.
You hit the orc priest but do no damage.
The orc priest is severely wounded.
You barely miss the orc.
The orc is almost dead.
The orc priest hits you but does no damage.
The orc hits you but does no damage.
The orc priest hits you but does no damage.
You barely miss the orc priest.
The orc priest is severely wounded.
You hit the orc.
The orc is almost dead.
The orc hits you but does no damage.
The orc priest invokes the aid of Beogh against you.
Beogh smites you!
You die...

#...)............#
.............##..#
.))..............#
.......†#..###...#
<...†)†.#.<# #...#
.......##..###...#
.................#
.....##.....#....#
.#...##...>(...o♣#
.....##.....#...o#
###... ....##....#
#...............
.#.......#
####..#.# #..#.#
#..#.#


You could see an orc priest and an orc.

Vanquished Creatures
  Jessica (D:2)
  7 adders (D:2)
  A worm (D:2)
  A dart slug (D:2)
  A giant gecko (D:2)
  4 orcs (D:3)
  4 bats
  3 giant cockroaches
  5 goblins
  3 hobgoblins
  6 jackals
  3 quokkas
  6 giant newts (D:1)
  9 kobolds
  10 rats
64 creatures vanquished.

Notes
Turn   | Place    | Note
--------------------------------------------------------------
     0 | Abyss:1  | Gargoyl the Demonspawn Abyssal Knight began the quest for the Orb.
     0 | Abyss:1  | Reached XP level 1. HP: 18/18 MP: 2/2
    35 | Abyss:1  | Noticed a small abomination
    55 | Abyss:1  | Noticed a spatial vortex
    57 | Abyss:1  | Noticed an ancient zyme
    59 | Abyss:1  | Noticed a spatial vortex
    62 | D:1      | Escaped the Abyss
    99 | D:1      | Reached * piety under Lugonu
   226 | D:1      | Reached skill level 1 in Dodging
   238 | D:1      | Gained mutation: You are partially covered in rugged brown scales (AC +1, +3% HP). [demonic ancestry]
   238 | D:1      | Reached XP level 2. HP: 9/24 MP: 3/3
   956 | D:2      | Noticed Jessica
   964 | D:2      | Killed Jessica
   964 | D:2      | Gained mutation: You have large cloven feet. [demonic ancestry]
   964 | D:2      | Reached XP level 3. HP: 27/30 MP: 4/4
  1066 | D:2      | Gained mutation: You sometimes gain a little power by taking damage. [demonic ancestry]
  1066 | D:2      | Reached XP level 4. HP: 17/38 MP: 5/5
  1596 | D:2      | Reached ** piety under Lugonu
  2447 | D:2      | Reached XP level 5. HP: 43/43 MP: 6/6
  2892 | D:3      | Killed from afar by an orc priest

Skill      XL: |  1  2  3  4 |
---------------+-------------+-----
Dodging        | 1 2 |  2.1
Axes           | 2 |  2.9
Armour         | 2 |  2.6
Fighting       | |  3.9
Stealth        | |  0.6
Invocations    | |  2.6

Action                   |  1- 3 |  4- 6 || total
-------------------------+-------+-------++-------
Melee: Hand axe          |    89 |   151 ||   240
       Kick              |     5 |    24 ||    29
Invok: Depart the Abyss  |     1 |       ||     1
  Use: Potion            |       |     2 ||     2
  Eat: Chunk             |    13 |     5 ||    18
Armor: Leather armour    |    38 |    59 ||    97
       Skin              |       |     8 ||     8
Dodge: Dodged            |    69 |   127 ||   196
